 Dungeon Crawl Stone Soup version 0.18-b1-10-g3f7de93 (webtiles) character file.

1468 Sand the Martial Artist (level 8, -13/37 HPs)
             Began as a Vine Stalker Transmuter on Apr 29, 2016.
             Was a Believer of Okawaru.
             Mangled by an orc warrior
             ... wielding a +2 morningstar of freezing
              (23 damage)
             ... on level 6 of the Dungeon.
             The game lasted 00:44:23 (5642 turns).

Sand the Martial Artist (Vine Stalker Transmuter)   Turns: 5642, Time: 00:44:26

Health: -13/37     AC:  5    Str: 13    XL:     8   Next: 77%
Magic:  0/21       EV: 12    Int: 15    God:    Okawaru [**....]
Gold:   329        SH:  0    Dex: 15    Spells: 3 memorised, 3 levels left

rFire  + . .     SeeInvis .       - Unarmed
rCold  + . .     Gourm    .     f - +2 robe {rC+ rF+}
rNeg   . . .     Faith    .     (no shield)
rPois  .         Spirit   +     w - +0 helmet
rElec  .         Dismiss  .     (no cloak)
rCorr  .         Reflect  .     (no gloves)
SustAt .         Harm     .     (boots currently unavailable)
MR     +....                    (no amulet)
Stlth  +.........               (no ring)
                                x - ring of magical power

@: appendage (expiring), somewhat resistant to hostile enchantments, very
unstealthy
A: fangs 3, talons 3, regeneration 2, magic shield, antimagic bite, no device
heal 3, rot immunity
a: End Transformation, Heroism, Renounce Religion


You were on level 6 of the Dungeon.
You worshipped Okawaru.
Okawaru was pleased with you.
You were not hungry.
You had grown temporary talons.
You visited 1 branch of the dungeon, and saw 7 of its levels.

You collected 329 gold pieces.

Inventory:

Hand Weapons
 b - the +3 greatsling "Igebres" {flame, Int+6 Dex-4}
   (You found it on level 4 of the Dungeon)

   It causes projectiles fired from it to burn those they strike, causing extra
   injury to most foes and up to half again as much damage against particularly
   susceptible opponents.
   It affects your intelligence (+6).
   It affects your dexterity (-4).
Missiles
 k - 6 needles of frenzy
 l - 70 sling bullets
 p - 6 tomahawks (quivered)
 t - 3 poisoned needles
 C - 4 javelins
Armour
 f - a +2 robe of resistance (worn)
 w - a +0 helmet (worn)
 D - a cursed +0 leather armour
Jewellery
 x - a ring of magical power (left hand)
Scrolls
 h - 8 scrolls of remove curse
 j - 2 scrolls of magic mapping
 m - 2 scrolls of fear {unknown}
 o - a scroll of teleportation {unknown}
 s - a scroll of recharging
 z - 3 scrolls of enchant weapon
 F - a scroll of random uselessness {unknown}
 G - a scroll of identify
Potions
 a - a potion of cancellation {unknown}
 e - a potion of flight
 i - 2 potions of cure mutation
 r - 3 potions of agility
 u - a potion of curing
 v - a potion of berserk rage {unknown}
 A - a potion of lignification {unknown}
 E - a potion of haste {unknown}
Books
 c - a book of Changes

   Spells                             Type                      Level
   a - Beastly Appendage              Transmutation                1
   b - Sticks to Snakes               Transmutation                2
   c - Spider Form                    Transmutation/Poison         3
   d - Ice Form                       Ice/Transmutation            4
   e - Blade Hands                    Transmutation                5
 y - a book of Cantrips

   Spells                             Type                      Level
   a - Corona                         Hexes                        1
   b - Animate Skeleton               Necromancy                   1
   c - Summon Small Mammal            Summoning                    1
   d - Apportation                    Translocation                1
Comestibles
 d - 4 bread rations
 g - 11 fruits
 n - 2 slices of pizza
 q - 3 meat rations
 B - 2 beef jerkies
 H - a chunk of flesh


   Skills:
 - Level 0.8 Fighting
 - Level 1.5 Dodging
 * Level 9.7 Unarmed Combat
 - Level 2.1 Spellcasting
 + Level 4.8 Transmutations
 - Level 2.2 Poison Magic


You had 3 spell levels left.
You knew the following spells:

 Your Spells              Type           Power        Failure   Level  Hunger
a - Beastly Appendage     Trmt           ###...       3%          1    #......
b - Spider Form           Trmt/Pois      ##........   17%         3    ###....
c - Ice Form              Ice/Trmt       #.......     87%         4    #####..


Dungeon Overview and Level Annotations

Branches:
Dungeon (7/15)
 Temple: D:4-7

Altars:
Cheibriados
Dithmenos
Elyvilon
Fedhas
Gozag
Kikubaaqudgha
Nemelex Xobeh
Okawaru
Trog
Xom
The Shining One

Annotations:
D:6 1 exclusion


Innate Abilities, Weirdness & Mutations

You have razor-sharp teeth.
You heal very quickly.
When hurt, damage is shared between your health and your magic reserves.
Your bite disrupts and absorbs the magic of your enemies.
Potions and wands cannot restore your health.
You are immune to rotting.
You have claws for feet.


Message History

You punch the orc warrior!
You claw the orc warrior, but do no damage.
Your bite misses the orc warrior.
The orc warrior is almost dead.
The orc warrior barely misses you.
You barely miss the orc warrior.
You claw the orc warrior, but do no damage.
You bite the orc warrior, but do no damage.
The orc warrior is almost dead.
The orc warrior completely misses you.
You closely miss the orc warrior. Your bite misses the orc warrior.
The orc warrior is almost dead.
You barely miss the orc warrior.
You claw the orc warrior, but do no damage.
Your bite misses the orc warrior.
The orc warrior is almost dead.
Your transformation is almost over.
The orc warrior hits you with a morningstar of freezing!!
Ouch! That really hurt!
You die...

.......().# #.# #.#
#########.# #.# #.# #.#
#.# #.# #.# #.# #.# #.#
#.# #.# ###.# #.# ##.##
#######...# #.# ####...#
..........# #.####......#
#######...###.##@####...#
# ##.#....##o# ##### #
#.#.#####.# # #.#..# #.#
#.##.# #.# #.##.####'###
########.##.##.....#
.........##.##...).#
####...###...#.._..#


You could see an orc warrior.

Vanquished Creatures
  An ice beast (D:5)
  2 phantoms
  2 ogres
  2 centaurs (D:6)
  A giant frog (D:6)
  A howler monkey (D:5)
  2 crimson imps
  2 orc priests
  4 hounds
  5 orc wizards
  A gnoll shaman (D:4)
  Ijyb (D:3)
  2 worker ants
  2 hound skeletons
  Robin (D:4)
  7 gnolls
  3 adders
  A shadow imp (D:4)
  An ooze (D:1)
  5 worms
  7 dart slugs
  6 giant geckos
  14 orcs
  6 giant cockroaches
  14 goblins
  4 hobgoblins
  6 jackals
  4 kobolds
  2 quokkas
  4 ball pythons
  3 bats
  A giant gecko skeleton (D:4)
  4 giant newts
  A jackal skeleton (D:4)
  A quokka skeleton (D:4)
  6 rats
129 creatures vanquished.

Notes
Turn   | Place    | Note
--------------------------------------------------------------
     0 | D:1      | Sand the Vine Stalker Transmuter began the quest for the Orb.
     0 | D:1      | Reached XP level 1. HP: 9/9 MP: 4/4
   149 | D:1      | Reached XP level 2. HP: 7/14 MP: 3/6
   413 | D:1      | Reached skill level 4 in Unarmed Combat
   413 | D:1      | Reached XP level 3. HP: 17/17 MP: 5/7
   418 | D:1      | Learned a level 3 spell: Spider Form
   846 | D:2      | Found an iron altar of Okawaru.
   854 | D:2      | Became a worshipper of Warmaster Okawaru
  1034 | D:2      | Found a snail-covered altar of Cheibriados.
  1225 | D:2      | Reached XP level 4. HP: 19/21 MP: 6/8
  1354 | D:2      | Found a glowing golden altar of the Shining One.
  1367 | D:2      | Found an ancient bone altar of Kikubaaqudgha.
  1414 | D:2      | Found a shimmering altar of Xom.
  1607 | D:3      | Noticed Ijyb
  1636 | D:3      | Killed Ijyb
  1636 | D:3      | Reached skill level 5 in Unarmed Combat
  1715 | D:3      | Noticed an ogre
  1823 | D:3      | Killed an ogre
  1823 | D:3      | Reached skill level 6 in Unarmed Combat
  1823 | D:3      | Reached XP level 5. HP: 16/25 MP: 4/9
  2048 | D:3      | Found a white marble altar of Elyvilon.
  2058 | D:3      | Gained mutation: You heal very quickly. [Vine Stalker growth]
  2058 | D:3      | Reached XP level 6. HP: 29/29 MP: 8/10
  2231 | D:3      | Reached skill level 1 in Poison Magic
  2654 | D:4      | Got a steaming greatsling
  2671 | D:4      | Noticed Robin
  2737 | D:4      | Killed Robin
  2749 | D:4      | Identified the +3 greatsling "Igebres" {flame, Int+6 Dex-4} (You found it on level 4 of the Dungeon)
  2840 | D:4      | Reached * piety under Okawaru
  2840 | D:4      | Reached XP level 7. HP: 22/32 MP: 9/11
  2903 | D:4      | Found a blossoming altar of Fedhas.
  2943 | D:4      | Found a bloodstained altar of Trog.
  3013 | D:4      | Learned a level 4 spell: Ice Form
  3194 | D:4      | Reached skill level 7 in Unarmed Combat
  3757 | D:5      | Entered Level 5 of the Dungeon
  4043 | D:5      | Reached ** piety under Okawaru
  4043 | D:5      | Reached skill level 8 in Unarmed Combat
  4043 | D:5      | Gained mutation: You have razor-sharp teeth. [Vine Stalker growth]
  4043 | D:5      | Reached XP level 8. HP: 27/37 MP: 12/12
  4390 | D:5      | Found a sparkling altar of Nemelex Xobeh.
  4390 | D:5      | Found an opulent altar of Gozag.
  4604 | D:5      | Found a shadowy altar of Dithmenos.
  4656 | D:6      | Reached skill level 9 in Unarmed Combat
  5411 | D:6      | Found a white marble altar of Elyvilon.
  5642 | D:6      | Mangled by an orc warrior

Skill      XL: |  1  2  3  4  5  6  7  8 |
---------------+-------------------------+-----
Unarmed Combat | 4 6 8 9 |  9.7
Poison Magic   | 2 |  2.2
Transmutations | 4 |  4.8
Fighting       | |  0.8
Dodging        | |  1.5
Spellcasting   | |  2.1

Action                   |  1- 3 |  4- 6 |  7- 9 || total
-------------------------+-------+-------+-------++-------
Melee: Unarmed           |    96 |   149 |   143 ||   388
       Bite              |    17 |    35 |    34 ||    86
       Headbutt          |     5 |     6 |       ||    11
       Punch             |     3 |     3 |     3 ||     9
       Kick              |     4 |    28 |    19 ||    51
 Fire: Hunting sling     |    37 |    52 |       ||    89
       Greatsling        |       |       |    92 ||    92
Throw: Tomahawk          |     1 |     8 |     6 ||    15
 Cast: Beastly Appendage |    14 |    16 |    16 ||    46
       Spider Form       |       |       |     2 ||     2
  Use: Scroll            |       |    11 |     1 ||    12
 Stab: Sleeping          |     1 |       |       ||     1
  Eat: Chunk             |     1 |     6 |     9 ||    16
Armor: Robe              |    12 |    25 |    24 ||    61
Dodge: Dodged            |    43 |    70 |    66 ||   179
